 Dungeon Crawl Stone Soup version 0.30-a0-918-g0ff054e9dc (webtiles) character file.

Game seed: 16309266927809478141

103 Twinkles the Chopper (level 4, -1/38 HPs)
             Began as a Hill Orc Reaver on Mar 20, 2023.
             Was an Initiate of Beogh.
             Slain by an orc wizard
             ... wielding a +0 dagger
              (2 damage)
             ... on level 3 of the Dungeon.
             The game lasted 00:07:30 (1578 turns).

Twinkles the Chopper (Hill Orc Reaver)              Turns: 1578, Time: 00:07:30

Health: -1/38      AC:  7    Str: 16    XL:     4   Next: 79%
Magic:  6/6        EV:  9    Int: 13    God:    Beogh [......]
Gold:   111        SH:  4    Dex:  9    Spells: 5/6 levels left

rFire   . . .      SeeInvis .    h - +2 dagger (vamp)
rCold   . . .      Faith    .    l - +2 buckler
rNeg    . . .      Spirit   .    j - +0 scale mail
rPois   .          Reflect  .    g - +0 helmet
rElec   .          Rampage  .    (no cloak)
rCorr   .                        (no gloves)
Will    .....                    (no boots) Stlth
                                 (no amulet)
HPRegen 0.26/turn                (no ring)
MPRegen 0.10/turn                (no ring)

@: no status effects
A: no striking features
a: Renounce Religion


You were on level 3 of the Dungeon.
You worshipped Beogh.
Beogh was noncommittal.
You visited 1 branch of the dungeon, and saw 3 of its levels.

You collected 111 gold pieces.

Inventory:

Hand Weapons
 a - a +0 hand axe
 h - a +2 vampiric dagger (weapon)
Armour
 b - a +0 leather armour
 g - a +0 helmet (worn)
 j - a +0 scale mail (worn)
 l - a +2 buckler (worn)
Scrolls
 c - a scroll of magic mapping {unknown}
 e - a scroll of torment
 f - a scroll of acquirement {unknown}
 n - a scroll of teleportation {unknown}
 Z - 3 scrolls of identify
Potions
 k - 2 potions of haste {unknown}
 m - a potion of curing {unknown}


   Skills:
 + Level 3.5 Fighting
 + Level 5.0 Axes
 + Level 1.5 Armour
 - Level 1.9 Dodging
 - Level 1.9 Spellcasting
 - Level 3.3 Conjurations
 + Level 0.7 Invocations


You had 5 spell levels left.
You knew the following spells:

 Your Spells              Type           Power      Damage    Failure   Level
a - Kiss of Death         Conj/Necr      20%        2d7       56%         1

Your spell library contained the following spells:

 Spells                   Type           Power      Damage    Failure   Level
 Momentum Strike          Conj/Tloc      10%        3d8       71%         2
 Hailstorm                Conj/Ice       5%         3d4       90%         3


Dungeon Overview and Level Annotations

Branches:
Dungeon (3/15) Zot: 16410

Altars:


Message History

A magic dart appears from out of thin air!
The magic dart hits you.
You hit something but do no damage.
You hear some strange, mumbled words.
You are confused.
You completely miss something. Something hits you but does no damage.
You closely miss something.
A magic dart appears from out of thin air!
The magic dart hits something.
Reactivating autopickup.
You feel a bit more experienced.
The orc priest hits something but does no damage.
A magic dart appears from out of thin air!
Deactivating autopickup; reactivate with Ctrl-A.
The magic dart hits you!
You bump into the rock wall.
A magic dart appears from out of thin air!
The magic dart hits you!
* * * LOW HITPOINT WARNING * * *
The orc priest hits something with a +0 club.
Reactivating autopickup.
You feel a bit more experienced.
Your Axes skill increases to level 5!
You feel less confused.
You hear some strange, mumbled words.
Deactivating autopickup; reactivate with Ctrl-A.
Something tries to affect you, but you resist.
You barely miss something. Something hits you.
* * * LOW HITPOINT WARNING * * *
You closely miss something. Something hits you but does no damage.
You barely miss something. Something hits you.
* * * LOW HITPOINT WARNING * * *
You closely miss something.
You hear some strange, mumbled words.
A puff of flame appears from out of thin air!
The puff of flame hits you.
* * * LOW HITPOINT WARNING * * *
You miss something. Something hits you.
You die...
Beogh appreciates something's killing of a heretic priest.

#...# ##.# #...# #.##
#######...#######.#
<#....^..........##.
#......o.............
§.#.l...SS.....$..##)
#######...########.
#######†..# #J
#.@{S.))..# #.
#.#####...# #. #.#
.o..# #. ... ##...#
#. ##.## #..... #..
..##### ..# ... #..
.. ...


You could see an adder.

Vanquished Creatures
  An adder (D:2)
  2 dart slugs (D:1)
  6 bats
  7 endoplasms
  A giant cockroach (D:1)
  11 goblins
  5 hobgoblins
  4 jackals
  2 quokkas (D:1)
  5 ball pythons
  2 frilled lizards
  5 kobolds
  6 rats
57 creatures vanquished.

Vanquished Creatures (others)
  2 orc wizards (D:3)
  2 orcs (D:3)
  A ball python (D:3)
  A frilled lizard (D:3)
6 creatures vanquished.

Grand Total: 63 creatures vanquished

Notes
Turn   | Place    | Note
-------+----------+-------------------------------------------
     0 | D:1      | Twinkles the Hill Orc Reaver began the quest for the Orb.
     0 | D:1      | Reached XP level 1. HP: 18/18 MP: 3/3
   118 | D:1      | Reached XP level 2. HP: 20/25 MP: 4/4
   406 | D:1      | Reached XP level 3. HP: 29/30 MP: 5/5
   559 | D:1      | Found a faded altar of an unknown god.
  1057 | D:2      | Reached XP level 4. HP: 38/38 MP: 6/6
  1165 | D:2      | Reached skill level 1 in Armour
  1496 | D:3      | Became a worshipper of Beogh the Brigand
  1541 | D:3      | HP: 8/38 [/a scroll of torment (5)]
  1542 | D:3      | HP: 2/38 [endoplasm (3)]
  1554 | D:3      | HP: 8/38 [kobold/+0 whip (4)]
  1571 | D:3      | HP: 11/38 [something/magic dart (7)]
  1573 | D:3      | Reached skill level 5 in Axes
  1576 | D:3      | HP: 6/38 [something (3)]
  1577 | D:3      | HP: 1/38 [something/puff of flame (5)]
  1578 | D:3      | Slain by an orc wizard

Illustrated notes

Levels and vault maps discovered:
D:1:      elethiomel_arrival_maze, layout_basic,
          chequers_ecumenical_altar_simple_redux, minmay_hexomino_f4
D:2:      layout_loops_ring
D:3:      minmay_bubble_buster, layout_loops_cross, nicolae_shop_unique_rings,
          uniq_natasha

Skill      XL: |  1  2  3  4 |
---------------+-------------+-----
Fighting       | 3 |  3.5
Armour         | 1 |  1.5
Axes           | 5 |  5.0
Dodging        | |  1.9
Spellcasting   | |  1.9
Conjurations   | |  3.3
Invocations    | |  0.7

Action                     |  1- 3 |  4- 6 || total
---------------------------+-------+-------++-------
  Melee: Hand axe          |    57 |       ||    57
         Punch             |     3 |       ||     3
         Dagger            |    96 |    75 ||   171
 Invoke: Convert to Beogh  |       |     1 ||     1
    Use: Scroll            |       |     2 ||     2
         Potion            |       |     2 ||     2
 Armour: Leather armour    |    19 |       ||    19
         Scale mail        |    16 |    48 ||    64
  Dodge: Dodged            |    88 |    38 ||   126
  Block: Buckler           |    10 |    14 ||    24

Table legend: (Time is in decaauts)
 A = Elapsed time spent in this place.
 B = Non-inter-level travel time spent in this place.
 C = Inter-level travel time spent in this place.
 D = Time resting spent in this place.
 E = Time spent auto-exploring this place.
 F = Levels seen in this place.
 G = Mean time per level.
                   A        B        C        D        E       F      G
               +--------+--------+--------+--------+--------+-----+--------+
         Total |   1588 |   1522 |     66 |     17 |   1023 |   3 |  529.3 |
       Dungeon |   1588 |   1522 |     66 |     17 |   1023 |   3 |  529.3 |
               +--------+--------+--------+--------+--------+-----+--------+

Top non-repeatable levels by time:
     D:1: 844 daAuts
     D:2: 651 daAuts
     D:3: 92 daAuts
